 Dungeon Crawl Stone Soup version 0.29-a0-483-g69413ace17 (webtiles) character file.

Game seed: 13575915710980388762

128 oldark the Slasher (level 5, -2/42 HPs)
             Began as a Human Fighter on May 25, 2022.
             Was an Initiate of Okawaru.
             Killed by nerve-wracking pain
             ... invoked by an orc priest
              (12 damage)
             ... on level 4 of the Dungeon.
             The game lasted 00:06:46 (3131 turns).

oldark the Slasher (Human Fighter)                  Turns: 3131, Time: 00:06:47

Health: -2/42      AC: 11    Str: 22 (24) XL:     5   Next: 33%
Magic:  5/5        EV:  6    Int:  8 (9)  God:    Okawaru [......]
Gold:   184        SH:  4    Dex: 11 (12) Spells: 4/4 levels left

rFire   . . .      SeeInvis .   a - +0 long sword
rCold   . . .      Faith    .   c - +0 buckler
rNeg    . . .      Spirit   .   m - +0 plate armour
rPois   .          Reflect  .   (no helmet)
rElec   .          Harm     .   (no cloak)
rCorr   .          Rampage  .   (no gloves)
Will    .....                   (no boots)
Stlth   ..........              (no amulet)
HPRegen 0.14/turn               q - +6 ring of strength
MPRegen 0.09/turn               (no ring)

@: no status effects
A: no striking features
a: Renounce Religion


You were on level 4 of the Dungeon.
You worshipped Okawaru.
Okawaru was noncommittal.
You visited 2 branches of the dungeon, and saw 5 of its levels.

You collected 184 gold pieces.

Inventory:

Hand Weapons
 a - a +0 long sword (weapon)
Missiles
 i - a throwing net (quivered)
Armour
 b - a +0 scale mail
 c - a +0 buckler (worn)
 m - a +0 plate armour (worn)
Jewellery
 p - a ring of magical power
 q - a +6 ring of strength (left hand)
Scrolls
 e - a scroll of fear
 l - 2 scrolls of fog
Potions
 d - 2 potions of might
 f - a potion of haste
 g - 2 potions of magic
 h - a potion of attraction
 k - a potion of heal wounds


   Skills:
 + Level 3.8 Fighting
 * Level 4.0 Long Blades
 + Level 3.6 Armour
 - Level 3.0 Shields


You had 4 spell levels left.
You didn't know any spells.
Your spell library was empty.

Dungeon Overview and Level Annotations

Branches:
Dungeon (4/15)             Temple (1/1) D:4

Altars:
Gozag
Makhleb
Okawaru


Message History

You closely miss the orc.
The orc is almost dead.
The orc hits you with a +0 club.
You hit the orc.
You kill the orc!
Okawaru accepts your kill.
The orc priest looks encouraged for a moment.
Your Long Blades skill increases to level 4!
You closely miss the orc.
The orc priest looks encouraged for a moment.
The orc barely misses you.
You closely miss the orc. The orc barely misses you.
You closely miss the orc. The orc hits you but does no damage.
You hit the orc.
The orc is heavily wounded.
The orc priest calls down the wrath of Beogh upon you.
Beogh smites you!
You hear a shout!
You hit the orc.
You kill the orc!
Okawaru accepts your kill.
You hit the orc.
The orc is lightly wounded.
The orc hits you with a +0 club.
You slash the orc!
You kill the orc!
Okawaru accepts your kill.
The orc priest miscasts a cantrip.
The orc priest mumbles some strange prayers to Beogh against you.
Beogh smites you!
The orc priest hits you with a +0 hand axe.
Items here: ))) [[[ †††.
An orc comes into view. It is wielding a +0 club.
The orc shouts!
The orc priest hits you with a +0 hand axe.
* * * LOW HITPOINT WARNING * * *
You closely miss the orc priest.
The orc priest calls down the wrath of Beogh upon you.
Pain shoots through your body!
You die...

#### #.# ##..## o. ##....#
oo #.....# #. #.....# ###
#.. ##....# ##########.#
#o# #.....#####..........#
#..##..##...#o)######....##
#..o..#####.o@## #..≈§§..#
##....# ##### #.≈≈§≈≈.# #
###.## ### #§≈≈≈≈§≈## #.
##########.#####≈§§>≈§§.#
#.#
#..............≈§§§≈§≈.###
#.#
#..#####.......[≈≈§§≈.....
#.####.##
###.####..≈≈≈..#..# #^##.[#
### #...).....## #....##
###.# #..##.....#


You could see an orc priest and an orc.

Vanquished Creatures
  An orc wizard (D:3)
  An adder (D:3)
  2 dart slugs
  16 orcs
  2 ball pythons
  4 bats
  5 endoplasms
  2 giant cockroaches (D:1)
  4 goblins
  10 hobgoblins
  5 kobolds
  4 quokkas
  6 frilled lizards
  6 rats
68 creatures vanquished.

Notes
Turn   | Place    | Note
-------+----------+-------------------------------------------
     0 | D:1      | oldark the Human Fighter began the quest for the Orb.
     0 | D:1      | Reached XP level 1. HP: 18/18 MP: 1/1
   211 | D:1      | Reached XP level 2. HP: 18/24 MP: 2/2
   573 | D:1      | Reached XP level 3. HP: 29/29 MP: 3/3
   940 | D:2      | Reached skill level 3 in Long Blades
  1968 | D:3      | Found a faded altar of an unknown god.
  1970 | D:3      | Reached XP level 4. HP: 35/35 MP: 4/4
  2445 | D:3      | Reached XP level 5. HP: 42/42 MP: 5/5
  2947 | D:4      | Found a staircase to the Ecumenical Temple.
  2966 | Temple   | Entered the Ecumenical Temple
  3045 | Temple   | Became a worshipper of Warmaster Okawaru
  3122 | D:4      | Reached skill level 4 in Long Blades
  3131 | D:4      | Killed from afar by an orc priest

Illustrated notes

Levels and vault maps discovered:
D:1:      giann_forest_graveyard, layout_rooms
D:2:      layout_basic
D:3:      layout_loops_cross, hellmonk_ecumenical_altar_pennies_from_heaven,
          serial_glass, glass_columns_a, glass_columns_a, due_unseen_surprise
D:4:      corexii_shack_village, layout_layer_cave, minmay_temple_entry_mist,
          uniq_blork_the_orc, uniq_grinder, uniq_ijyb
Temple:   mainiacjoe_temple_hex_bubbles

Skill      XL: |  1  2  3  4  5 |
---------------+----------------+-----
Long Blades    | 3 4 |  4.0
Fighting       | |  3.8
Armour         | |  3.6
Shields        | |  3.0

Action                   |  1- 3 |  4- 6 || total
-------------------------+-------+-------++-------
Melee: Long sword        |   117 |   115 ||   232
  Use: Potion            |       |     5 ||     5
       Scroll            |       |     4 ||     4
Armor: Scale mail        |    12 |       ||    12
       Plate armour      |    38 |    61 ||    99
Dodge: Dodged            |    36 |    29 ||    65
Block: Buckler           |    26 |    20 ||    46

Table legend: (Time is in decaauts)
 A = Elapsed time spent in this place.
 B = Non-inter-level travel time spent in this place.
 C = Inter-level travel time spent in this place.
 D = Time resting spent in this place.
 E = Time spent auto-exploring this place.
 F = Levels seen in this place.
 G = Mean time per level.
                   A        B        C        D        E       F      G
               +--------+--------+--------+--------+--------+-----+--------+
         Total |   3200 |   3111 |     89 |    371 |   2168 |   5 |  640.0 |
       Dungeon |   3098 |   3023 |     75 |    371 |   2093 |   4 |  774.5 |
        Temple |    101 |     87 |     14 |      0 |     75 |   1 |  101.0 |
               +--------+--------+--------+--------+--------+-----+--------+

Top non-repeatable levels by time:
     D:2: 1124 daAuts
     D:3: 1073 daAuts
     D:1: 715 daAuts
     D:4: 184 daAuts
  Temple: 101 daAuts
